 Dungeon Crawl Stone Soup version 0.29.1-13-g9f3cf754e1 (webtiles) character file.

Game seed: 10745937431421052345

1045 rakiston the Frost Mage (level 8, -5/52 HPs)
             Began as a Merfolk Ice Elementalist on Jan 26, 2023.
             Slain by an ogre
             ... wielding a +0 giant spiked club
              (24 damage)
             ... on level 6 of the Dungeon on Jan 27, 2023.
             The game lasted 00:27:32 (5559 turns).

rakiston the Frost Mage (Merfolk Ice Elementalist)  Turns: 5559, Time: 00:27:32

Health: -5/52      AC:  2    Str:  9    XL:     8   Next: 25%
Magic:  3/11       EV: 13    Int: 16    God:
Gold:   213        SH:  0    Dex: 14    Spells: 7/11 levels left

rFire   . . .      SeeInvis .   D - +2 trident (protect)
rCold   . . .      Faith    .   (no shield)
rNeg    . . .      Spirit   .   a - +0 robe
rPois   .          Reflect  .   (no helmet)
rElec   .          Harm     .   (no cloak)
rCorr   +          Rampage  .   (no gloves)
Will    .....                   (no boots)
Stlth   ++........              (no amulet)
HPRegen 0.17/turn               A - ring of flight
MPRegen 0.12/turn               B - ring of resist corrosion

@: freezing walls, flying
A: (nimble swimmer 2), mertail
a: no special abilities


You were on level 6 of the Dungeon.
You visited 1 branch of the dungeon, and saw 8 of its levels.

You collected 280 gold pieces.
You spent 67 gold pieces at shops.

Inventory:

Hand Weapons
 y - a +0 trident
 D - a +2 trident of protection (weapon)
Missiles
 h - 10 boomerangs (quivered)
 k - 12 poisoned darts
Armour
 a - a +0 robe (worn)
 g - a +0 pair of boots
Jewellery
 i - a ring of positive energy
 s - a ring of ice
 A - a ring of flight (left hand)
 B - a ring of resist corrosion (right hand)
Wands
 c - a wand of roots (5)
 n - a wand of polymorph (3)
 o - a wand of flame (2)
 q - a wand of paralysis (9)
 r - a wand of quicksilver (6)
Scrolls
 e - a scroll of immolation
 f - a scroll of magic mapping {unknown}
 j - a scroll of identify {unknown}
 l - a scroll of blinking {unknown}
 m - a scroll of enchant armour {unknown}
 t - a scroll of fear {unknown}
 v - a scroll of acquirement {unknown}
 x - a scroll of vulnerability {unknown}
 C - a scroll of teleportation {unknown}
Potions
 b - 2 potions of magic
 d - a potion of attraction {unknown}
 p - a potion of might {unknown}
 u - a potion of haste {unknown}
 w - a potion of brilliance
 z - a potion of mutation {unknown}
 E - a potion of ambrosia {unknown}


   Skills:
 - Level 1.0 Polearms
 * Level 3.5 Dodging
 - Level 2.1 Stealth
 - Level 2.0 Spellcasting
 + Level 10.9 Ice Magic
 - Level 0.5 Evocations


You had 7 spell levels left.
You knew the following spells:

 Your Spells              Type           Power      Damage    Failure   Level
a - Freeze                Ice            100%       1d11      1%          1
b - Frozen Ramparts       Ice            72%        1d11      1%          3

Your spell library contained the following spells:

 Spells                   Type           Power      Damage    Failure   Level
 Ozocubu's Armour         Ice            36%        N/A       1%          3
 Hailstorm                Conj/Ice       19%        3d6       22%         4
 Blink                    Tloc           2%         N/A       30%         2
 Lesser Beckoning         Tloc           1%         N/A       52%         3
 Manifold Assault         Tloc           1%         N/A       99%         5


Dungeon Overview and Level Annotations

Branches:
Dungeon (8/15)               Lair (0/5) D:8
 Temple: D:4-7

Altars:
Ru
The Shining One

Shops:
D:3 (   D:4 *   D:5 (


Innate Abilities, Weirdness & Mutations

((You are very nimble when in or above water. (Stealth+, EV+, Speed+++)))
Your lower body shifts to a powerful aquatic tail in water.


Message History

You kill the orc!
The orc warrior hits you from afar with a +0 trident!
The orc warrior barely misses you.
An ogre comes into view. It is wielding a +0 giant spiked club.
Casting: Freeze (safe; 1% risk of failure)
Confirm with . or Enter, or press ? or * to list all spells.
Aiming: Freeze (safe; 1% risk of failure)
Press: ? - help, Shift-Dir - straight line, f - orc warrior
Aim: an orc warrior, wielding a +0 trident and wearing a +0 plate armour You freeze the orc warrior!
The orc warrior is moderately wounded.
An orc comes into view. It is wielding a +0 war axe.
The orc warrior hits you with a +0 trident!
Unknown command.
Casting: Freeze (safe; 1% risk of failure)
Confirm with . or Enter, or press ? or * to list all spells.
Casting: Frozen Ramparts (safe; 1% risk of failure)
Press: ? - help, Dir - look around, f - activate The walls around you are covered in ice.
The orc warrior misses you.
The wall freezes the ogre.
Casting: Frozen Ramparts (safe; 1% risk of failure)
Confirm with . or Enter, or press ? or * to list all spells.
Aiming: Freeze (safe; 1% risk of failure)
Press: ? - help, Shift-Dir - straight line, f - orc warrior
Aim: an orc warrior, wielding a +0 trident and wearing a +0 plate armour (moderately wounded)
You freeze the orc warrior.
The orc warrior is heavily wounded.
The wall freezes the orc!
You kill the orc!
The orc warrior hits you with a +0 trident!
Casting: Freeze (safe; 1% risk of failure)
Confirm with . or Enter, or press ? or * to list all spells.
Aiming: Freeze (safe; 1% risk of failure)
Press: ? - help, Shift-Dir - straight line, f/p - orc warrior
Aim: an orc warrior, wielding a +0 trident and wearing a +0 plate armour (heavily wounded)
You freeze the orc warrior!
The orc warrior is severely wounded.
The orc warrior closely misses you.
The wall freezes the ogre!
The ogre hits you with a +0 giant spiked club!!
You die...

..# .. ..
#. #.###..
##..#..
#....).
##.....#
##....o.#
#......@##
......)O>#
[........#
.##....#.#
#######.
#. .# ##.#
.. ##..#
#.. ...#
...


You could see an orc warrior and an ogre.

Vanquished Creatures
  Sigmund (D:5)
  3 black bears (D:5)
  A phantom (D:4)
  A necrophage (D:5)
  A howler monkey (D:5)
  2 hounds
  3 orc priests
  A jelly (D:5)
  An iguana (D:6)
  2 orc wizards
  9 adders
  A worm (D:4)
  A dart slug (D:1)
  19 orcs
  10 ball pythons
  3 bats
  7 endoplasms
  4 giant cockroaches
  9 goblins
  6 hobgoblins
  2 jackals (D:1)
  2 quokkas
  A frilled lizard (D:1)
  5 kobolds
  5 rats
100 creatures vanquished.

Vanquished Creatures (others)
  A plant (D:8)
1 creature vanquished.

Grand Total: 101 creatures vanquished

Notes
Turn   | Place    | Note
-------+----------+-------------------------------------------
     0 | D:1      | rakiston the Merfolk Ice Elementalist began the quest for
                  | the Orb.
     0 | D:1      | Reached XP level 1. HP: 13/13 MP: 3/3
   303 | D:1      | Reached XP level 2. HP: 19/19 MP: 3/5
   363 | D:1      | Reached skill level 5 in Ice Magic
   783 | D:1      | Reached XP level 3. HP: 24/24 MP: 3/6
   787 | D:1      | Learned a level 3 spell: Frozen Ramparts
  1426 | D:2      | Found a faded altar of an unknown god.
  1603 | D:2      | Reached skill level 6 in Ice Magic
  1615 | D:2      | Reached XP level 4. HP: 28/30 MP: 2/7
  2723 | D:3      | Found Xaucraogg's Antique Weapon Boutique.
  3215 | D:4      | Found Qytof's Fire Supplies.
  3236 | D:4      | Bought a wand of flame (8) for 67 gold pieces
  3285 | D:4      | Reached XP level 5. HP: 29/35 MP: 4/8
  3416 | D:4      | Noticed a phantom
  3427 | D:4      | Killed a phantom
  3428 | D:4      | Reached skill level 7 in Ice Magic
  3657 | D:4      | Reached XP level 6. HP: 41/41 MP: 3/9
  3949 | D:5      | Entered Level 5 of the Dungeon
  3999 | D:5      | Reached skill level 8 in Ice Magic
  4413 | D:5      | Found Teetzola's Antique Weapon Boutique.
  4423 | D:5      | Noticed an ice beast
  4511 | D:5      | Noticed a black bear
  4516 | D:5      | Noticed a black bear
  4519 | D:5      | Killed a black bear
  4520 | D:5      | Reached XP level 7. HP: 40/46 MP: 4/10
  4523 | D:5      | Reached skill level 1 in Polearms
  4523 | D:5      | Reached skill level 9 in Ice Magic
  4693 | D:5      | Noticed Sigmund
  4704 | D:5      | Killed Sigmund
  4705 | D:5      | Reached skill level 10 in Ice Magic
  4721 | D:5      | Reached XP level 8. HP: 40/52 MP: 0/11
  4831 | D:5      | Found a sacrificial altar of Ru.
  4832 | D:5      | Found a glowing golden altar of the Shining One.
  5261 | D:6      | You are sucked into a shaft and drop 2 floors!
  5277 | D:8      | Found a staircase to the Lair.
  5559 | D:6      | Slain by an ogre

Illustrated notes

Levels and vault maps discovered:
D:1:      amcnicky_arrival_underground_garden, layout_basic,
          hangedman_decor_clover_reticule, chequers_garden
D:2:      layout_basic, shapermc_ecumenical_altar_hornbeckon,
          serial_corexii_hall, chequers_hall_statues_wall_a,
          corexii_hall_statues_l
D:3:      layout_loops_ring, serial_shops, shop
D:4:      nicolae_cairo_tiling_large_dashed, layout_basic,
          nicolae_shop_fire_sale [nicolae_sub_dead_trees]
D:5:      layout_basic, grunt_temple_overflow_open, serial_shops,
          nicolae_shop_crystal, uniq_sigmund
D:6:      layout_cave_pods, minmay_temple_entry_tees
D:7:      layout_gridville, enter_bailey_3, enter_ossuary_3, sword_in_stone
D:8:      layout_basic, kennysheep_mini_moat, dpeg_oklobed_lair,
          kb_lookout_dungeons_type, nrook_mini_vaults, st_stairs_10,
          minmay_increasing_density

Skill      XL: |  1  2  3  4  5  6  7  8 |
---------------+-------------------------+-----
Ice Magic      | 5 6 7 8 10 | 10.9
Polearms       | 1 |  1.0
Dodging        | 3 |  3.5
Stealth        | |  2.1
Spellcasting   | |  2.0
Evocations     | |  0.5

Action                   |  1- 3 |  4- 6 |  7- 9 || total
-------------------------+-------+-------+-------++-------
Melee: Trident           |       |    15 |     4 ||    19
Throw: Boomerang         |    24 |    10 |    16 ||    50
 Cast: Freeze            |    50 |    55 |    29 ||   134
       Frozen Ramparts   |     1 |     8 |     7 ||    16
Evoke: Wand              |       |    13 |       ||    13
  Use: Potion            |     1 |     1 |     2 ||     4
       Scroll            |     1 |       |       ||     1
Armor: Robe              |     6 |     2 |     1 ||     9
Dodge: Dodged            |    20 |    28 |    36 ||    84
